 Dungeon Crawl Stone Soup version 0.23.0 (webtiles) character file.

Game seed: 9113607715031976497

784373 wiperr the Invulnerable (level 27, -9/243 HPs)
             Began as a Minotaur Berserker on Feb 10, 2019.
             Was a High Priest of Trog.
             Killed from afar by a hellion (20 damage)
             ... with damnation
             ... in Pandemonium on Feb 16, 2019.
             The game lasted 06:41:44 (95837 turns).

wiperr the Invulnerable (Minotaur Berserker)       Turns: 95837, Time: 06:41:45

Health: -9/243     AC: 44    Str: 30      XL:     27
Magic:  25/25      EV: 25    Int:  4 (5)  God:    Trog [*****.]
Gold:   7733       SH: 37    Dex: 21 (22) Spells: 26/26 levels left

rFire    + . .     SeeInvis .   b - +13 Maxwell's thermic engine {flame, freeze}
rCold    + + +     Gourm    .   k - +10 large shield of Ignorance {rN+ Int-4}
rNeg     + . .     Faith    .   x - +12 gold dragon scales
rPois    +         Spirit   .   (helmet unavailable)
rElec    +         Reflect  .   A - +2 cloak of Jixupp {MR+}
rCorr    .         Harm     .   l - +1 pair of gloves of Tenaphui {Dex+4 Stlth+}
MR       +++++     Rnd*Rage +   D - +2 pair of boots {run} Stlth ..........NoTele +
                                U - amulet "Reegh" {Regen+ Str+5}
HPRegen  1.00/turn              M - ring of Haehoec {rC+ Int+3 Slay+3}
MPRegen  0.19/turn              u - ring of Qearghank {-Tele rElec rC+ MR++ Dex+4}

@: regenerating, quick
A: retaliatory headbutt, horns 3, berserk 1, blurry vision 1, clever 1, clumsy
1, deformed body, deterioration 2, frail 1, low mp 3, screaming 1, inhibited
regeneration, teleportitis 1, weak 2, evolution 1, no potion heal 1
}: 4/15 runes: decaying, slimy, silver, gossamer
a: Berserk, Trog's Hand, Brothers in Arms, Renounce Religion


You were in Pandemonium.
You worshipped Trog.
Trog was extremely pleased with you.
You were not hungry.

You visited 13 branches of the dungeon, and saw 59 of its levels.
You visited Pandemonium 1 time, and saw 3 of its levels.
You visited the Abyss 3 times.
You visited 1 ziggurat, and saw 9 of its levels.
You also visited: Sewer, Ossuary, Ice Cave, Volcano and Wizlab.

You collected 11107 gold pieces.
You spent 3374 gold pieces at shops.

Inventory:

Hand Weapons
 b - the +13 Maxwell's thermic engine (weapon) {flame, freeze}
   (Trog gifted it to you in an ice cave)

   It has been specially enchanted to burn those struck by it, causing extra
   injury to most foes and up to half again as much damage against particularly
   susceptible opponents.
   Big, fiery blades are also staple armaments of hydra-hunters.
Armour
 k - the +10 large shield of Ignorance (worn) {rN+ Int-4}
   (You found it on level 1 of the Depths)

   It affects your intelligence (-4).
   It protects you from negative energy.
 l - the +1 pair of gloves of Tenaphui (worn) {Dex+4 Stlth+}
   (You found it on level 7 of the Dungeon)

   It affects your dexterity (+4).
   It makes you more stealthy.
 x - +12 gold dragon scales (worn)
 A - the +2 cloak of Jixupp (worn) {MR+}
   (You found it on level 5 of the Vaults)

   It affects your resistance to hostile enchantments.
 D - a +2 pair of boots of running (worn)
Jewellery
 u - the ring of Qearghank (right hand) {-Tele rElec rC+ MR++ Dex+4}
   (You found it on level 3 of the Crypt)

   [ring of protection from cold]

   It affects your dexterity (+4).
   It protects you from cold.
   It insulates you from electricity.
   It affects your resistance to hostile enchantments.
   It prevents most forms of teleportation.
 M - the ring of Haehoec (left hand) {rC+ Int+3 Slay+3}
   (You found it on level 5 of the Pits of Slime)

   [ring of slaying]

   It affects your intelligence (+3).
   It affects your accuracy and damage with ranged weapons and melee attacks
   (+3).
   It protects you from cold.
 R - the ring of the City {*Tele *Contam rF+++ rC+ Str+2}
   (You found it on level 3 of the Elven Halls)

   [ring of teleportation]

   It may teleport you next to monsters.
   It affects your strength (+2).
   It renders you almost immune to fire.
   It protects you from cold.
   It causes magical contamination when unequipped.
 U - the amulet "Reegh" (around neck) {Regen+ Str+5}
   (You found it on level 3 of the Crypt)

   [amulet of regeneration]

   It affects your strength (+5).
   It increases your rate of regeneration.
 Y - an uncursed ring of protection from magic
Wands
 a - a wand of acid (30)
 d - a wand of iceblast (50)
 f - a wand of enslavement (13)
 t - a wand of disintegration (34)
 y - a wand of paralysis (43)
 E - a wand of scattershot (3)
 Q - a wand of digging (23)
 T - a wand of clouds (10)
Scrolls
 e - 5 scrolls of enchant armour
 g - 22 scrolls of teleportation
 h - 5 scrolls of summoning
 j - 16 scrolls of fear
 n - 20 scrolls of identify
 o - 33 scrolls of remove curse
 q - 12 scrolls of fog
 s - 14 scrolls of magic mapping
 C - a scroll of enchant weapon
 H - a scroll of silence
 K - 4 scrolls of blinking
 L - 2 scrolls of holy word
Potions
 m - 15 potions of might
 v - 7 potions of invisibility
 w - 11 potions of flight
 B - 4 potions of cancellation
 F - 5 potions of agility
 G - 8 potions of ambrosia
 I - 18 potions of curing
 J - 4 potions of brilliance
 O - a potion of haste
 V - a potion of berserk rage
 Z - 4 potions of resistance
Miscellaneous
 i - 4 sacks of spiders
 p - a lamp of fire
 z - a phial of floods
 N - a fan of gales
 P - the horn of Geryon
 S - 7 boxes of beasts
 W - 6 phantom mirrors
 X - a lightning rod (4/4)
Comestibles
 c - 48 rations


   Skills:
 - Level 26.4 Fighting
 - Level 17.6 Long Blades
 - Level 5.7 Throwing
 O Level 27 Armour
 + Level 25.1 Dodging
 - Level 0.2 Stealth
 - Level 25.0 Shields
 + Level 21.3 Evocations


You had 26 spell levels left.
You didn't know any spells.
Your spell library was empty.

Dungeon Overview and Level Annotations

Branches:
Dungeon (15/15)            Temple (0/1) D:7            Lair (6/6) D:10
  Swamp (4/4) Lair:2       Spider (4/4) Lair:4        Slime (5/5) Lair:5
    Orc (2/2) D:12            Elf (3/3) Orc:2        Vaults (5/5) D:13
  Crypt (3/3) Vaults:2       Tomb (1/3) Crypt:3      Depths (5/5) D:15
   Hell (1/1)                 Dis (0/7) Hell            Geh (0/7) Hell
    Coc (0/7) Hell            Tar (0/7) Hell            Zot (5/5) Depths:5

Altars:
Dithmenos
Elyvilon
Fedhas
Hepliaklqana
Kikubaaqudgha
Nemelex Xobeh
Trog
Uskayaw
Vehumet
Xom
Yredelemnul
The Shining One
Beogh
Jiyva

Shops:
D:4 (*([[   D:6 *   D:7 =   D:8 }   D:9 *   Orc:2 *}[   Elf:2 ?   Vaults:2 !
Vaults:5 (   Depths:2 }

Portals:
Hell: Depths:1 Depths:2 Depths:3 Depths:4 Depths:5
Abyss: Depths:4
Pandemonium: Depths:3 Depths:4
Trove: D:10 (give +2 fire dragon scales)

Annotations:
D:13 1 runed translucent door
Lair:1 exclusion: 2 oklob plants
Lair:6 3 runed translucent doors, Fashaeth's ghost, adept VSFi
Crypt:1 3 runed translucent doors, Fainec's ghost, veteran GrEE; Nyubb's ghost, veteran MiGl
Depths:4 3 runed translucent doors, Infinimo's ghost, veteran MiFi


Innate Abilities, Weirdness & Mutations

You reflexively headbutt those who attack you in melee.
You have a pair of large horns on your head.
You tend to lose your temper in combat.
Scrolls take you a little longer to read.
Your mind is acute. (Int +2)
You are clumsy. (Dex -2)
Armour fits poorly on your strangely shaped body.
Your body often deteriorates upon taking damage.
You are frail. (-10% HP)
Your magical capacity is extremely low. (-30% MP)
You occasionally shout uncontrollably at your foes.
You do not regenerate when monsters are visible.
You are occasionally teleported next to monsters.
You are very weak. (Str -4)
You evolve.
Potions are less effective at restoring your health.


Message History

You block the hell beast's attack. x2
You slice the hell beast!! You burn the hell beast. You freeze the hell beast.
You headbutt the hell beast, but do no damage.
The hell beast is heavily wounded.
You block the hell beast's attack. x2
The orange demon stings you but does no damage.
You slice the hell beast!! You burn the hell beast!
You kill the hell beast!
Trog accepts your kill. The orange demon misses you.
You block the smoke demon's attack. x2
The smoke demon completely misses you.
Okay, then.
You chop the smoke demon into pieces!!! You burn the smoke demon.
You kill the smoke demon!
Trog accepts your kill.
A hellion comes into view.
The hellion gives a hideous shriek!
The hellion gestures at you.
The sphere of damnation explodes!
The damnation engulfs you!!
You die...

......§§§§§§.(...#
.....§§§§.#####..#
.....§§§..)## .
....(§§§§...##
.....§§§§....#
......§§§....##
..##...#§2§...# #
#######§#......
#@##.###. #.# .#
#3# #4........
#..###..#. .... ..
..... .....$#
......##


You could see a soul eater, an orange demon and a hellion.

Vanquished Creatures
  the Royal Jelly (Slime:5)
  Khufu (Crypt:3)
  3 orbs of fire (Zot:5)
  2 ancient liches
  3 juggernauts
  2 greater mummies (Crypt:3)
  Margery (Crypt:3)
  2 Killer Klowns
  The ghost of jlumianski the Warrior, a veteran KoBe of Trog (Vaults:1)
  A curse toe (Zot:3)
  Geryon (Hell)
  8 golden dragons
  2 profane servitors (Crypt:3)
  2 bone dragons
  An electric golem (Zot:5)
  5 pandemonium lords
  A Tzitzimitl (Pan)
  8 Orb Guardians (Zot:5)
  3 Hell Sentinels
  A Cloud Mage (WizLab)
  A shard shrike skeleton (Crypt:1)
  15 tentacled monstrosities
  4 Ice Fiends (Pan)
  Asterion (Depths:2)
  23 acid blobs
  A deep elf master archer (Elf:3)
  7 liches
  7 titans
  A deep elf blademaster (Elf:3)
  5 quicksilver dragons
  3 ancient champions
  11 sphinxes
  Gastronok (Lair:1)
  4 death cobs
  2 tentacled starspawn
  3 Executioners (Pan)
  Kirke (Swamp:2)
  7 draconian monks
  3 thorn hunters
  9 shadow dragons
  Roxanne (Swamp:4)
  15 storm dragons
  8 azure jellies
  10 tengu reavers
  A daeva (Abyss:1)
  Donald (Elf:3)
  10 fire giants
  2 revenants
  18 frost giants
  Louise (Spider:4)
  3 iron dragons
  4 deep elf sorcerers (Elf:3)
  6 draconian knights
  4 balrugs
  13 emperor scorpions
  An orc warlord (Orc:1)
  Aizul (Crypt:1)
  A deep elf elementalist (Elf:3)
  4 draconian scorchers
  5 cacodemons
  3 ghost moths
  A warmonger (Zig:5)
  5 curse skulls
  16 vault wardens
  17 ghouls
  18 ironheart preservers
  2 black suns
  A draconian stormcaller (Zot:1)
  27 very ugly things
  8 reapers
  4 draconian annihilators
  5 draconian shifters
  2 caustic shrike skeletons
  24 stone giants
  An entropy weaver (shapeshifter) (Vaults:5)
  A war gargoyle (Hell)
  A blood saint (Pan)
  5 vampire knights
  8 green draconians
  5 entropy weavers
  A juggernaut skeleton (Zig:7)
  Nessos (D:13)
  2 bennus (Tomb:1)
  5 deep elf demonologists
  9 white draconians
  12 black draconians
  8 purple draconians
  20 yellow draconians
  4 spark wasps
  13 deep elf annihilators
  11 red draconians
  A spark wasp (shapeshifter) (Zig:6)
  A dire elephant (Zig:3)
  4 death oozes
  2 merfolk impalers (Zig:8)
  6 deep elf death magi
  5 mummy priests
  16 fire dragons
  13 ettins
  6 eidola
  8 blizzard demons
  3 kraken zombies (Hell)
  5 jiangshi
  2 green deaths
  10 great orbs of eyes
  16 yaktaur captains
  A quicksilver dragon skeleton (Zig:9)
  4 deep elf high priests
  6 rakshasas
  6 ice dragons
  3 naga warriors
  37 vault guards
  2 hell beasts (Pan)
  3 merfolk avatars (Swamp:4)
  24 hydras
  4 ghost crabs
  13 centaur warriors
  16 ogre magi
  A merfolk aquamancer (Zig:8)
  5 spriggan air magi
  7 catoblepae
  2 anacondas (shapeshifter)
  11 alligators
  10 deep troll shamans
  5 death knights
  41 two-headed ogres
  2 shambling mangroves (Swamp:2)
  3 tengu warriors
  25 dancing weapons
  10 death scarabs (Tomb:1)
  A queen ant (Spider:3)
  2 orc high priests
  A shock serpent (WizLab)
  17 sun demons
  12 death yaks
  3 deep troll earth magi (Depths:1)
  A titan zombie (Depths:3)
  4 vampire magi
  Urug (Lair:3)
  16 soul eaters
  25 deep elf knights
  A storm dragon zombie (Crypt:3)
  4 spriggan berserkers
  15 hell knights
  A titan skeleton (Abyss:3)
  A fire crab (shapeshifter) (D:15)
  2 iron golems (Hell)
  24 skeletal warriors
  3 sixfirhies
  7 shadow wraiths
  A storm dragon skeleton (Zig:9)
  3 anaconda zombies
  5 iron trolls
  A wretched star (Abyss:4)
  27 deep trolls
  3 golden dragon zombies
  3 spriggan druids
  9 flayed ghosts
  3 torturous demonspawn
  3 gelid demonspawn (Pan)
  5 unseen horrors
  2 sea snakes (Zig:8)
  An obsidian statue (Depths:5)
  A shadow dragon zombie (Hell)
  4 death drakes (WizLab)
  A deep troll (shapeshifter) (Vaults:3)
  9 swamp dragons
  2 ghost moth zombies (Crypt:3)
  6 glowing orange brains
  3 wizards
  2 swamp dragons (shapeshifter) (Vaults:5)
  17 phantasmal warriors
  11 deep elf archers
  A kraken simulacrum (Hell)
  An anaconda skeleton (Hell)
  17 ironbrand convokers
  A lindwurm (shapeshifter) (Zig:6)
  12 harpies
  2 harpies (shapeshifter)
  11 necromancers
  21 orb spiders
  65 deep elf magi
  An iron dragon zombie (Abyss:3)
  A wolf spider zombie (Crypt:3)
  3 fire giant zombies
  11 orc knights
  8 large abominations
  A stone giant zombie (Crypt:3)
  47 wolf spiders
  4 shining eyes
  5 oklob plants
  61 ugly things
  25 moths of wrath
  2 orc sorcerers
  4 cyclopes
  A cyclops (shapeshifter) (Vaults:5)
  7 manticores
  5 frost giant zombies
  2 iron dragon skeletons
  A guardian serpent (shapeshifter) (Vaults:5)
  4 black mambas
  4 salamanders
  A stone giant skeleton (Crypt:2)
  2 guardian serpents
  18 vault sentinels
  7 rust devils
  6 apocalypse crabs
  2 dire elephant zombies
  2 ice statues
  An eye of devastation (Slime:1)
  12 smoke demons
  A toenail golem (Volcano)
  3 gargoyles (D:13)
  7 centaur skeletons
  A fire giant skeleton (Abyss:3)
  13 spiny frogs
  A torpor snail (Spider:2)
  2 molten gargoyles (Volcano)
  A dire elephant skeleton (Hell)
  2 rime drakes
  3 orange demons
  3 hellions
  A spriggan zombie (Zig:9)
  2 kobold demonologists
  4 efreet
  10 komodo dragons
  34 yaktaurs
  3 ancient zymes
  17 demonic crawlers
  12 freezing wraiths
  A green draconian skeleton (Crypt:1)
  4 ice devils
  A sea snake skeleton (Crypt:2)
  13 polar bears
  2 komodo dragons (shapeshifter)
  8 guardian mummies (Tomb:1)
  A harpy zombie (D:15)
  6 red devils
  A jumping spider (shapeshifter) (Elf:2)
  4 meliai (shapeshifter)
  2 hydra zombies (Hell)
  3 trolls
  A troll (shapeshifter) (Vaults:3)
  11 hornets
  7 hellwings (Pan)
  A tengu conjurer (Depths:2)
  35 jumping spiders
  A spriggan skeleton (Zig:9)
  9 tyrant leeches
  A polar bear (shapeshifter) (Vaults:4)
  6 merfolk (Zig:8)
  A wind drake (WizLab)
  7 raiju (Abyss:4)
  29 blink frogs
  A snapping turtle (Zig:8)
  108 slime creatures
  A dream sheep (shapeshifter) (Vaults:5)
  2 hydra skeletons
  A fire dragon zombie (Tomb:1)
  4 dream sheep (Lair:5)
  An elf zombie (Zig:9)
  An alligator zombie (Hell)
  11 bog bodies
  A fire giant simulacrum (Vaults:3)
  3 ettin zombies (Crypt:3)
  11 hippogriffs
  10 flying skulls
  13 wraiths
  78 redbacks
  13 ynoxinuls
  12 air elementals
  12 water elementals
  2 guardian serpent skeletons
  5 wyverns
  A spriggan (Swamp:2)
  31 tarantellas
  An ettin skeleton (Hell)
  8 fire elementals
  2 humans (shapeshifter)
  16 starcursed masses
  4 fire bats
  A hog (shapeshifter) (Vaults:4)
  2 tarantellas (shapeshifter) (Vaults:1)
  5 shadows
  55 yaks
  5 hogs (Swamp:2)
  2 hungry ghosts
  5 neqoxecs
  2 ushabtiu (Crypt:3)
  9 golden eyes
  2 steam dragons
  A human (D:10)
  9 wargs
  6 chaos spawn
  10 vampire mosquitoes
  A swamp worm (shapeshifter) (Depths:4)
  21 soldier ants
  13 swamp worms
  2 acid dragons
  2 floating eyes
  3 nagas
  13 water moccasins
  10 porcupines
  The ghost of Debik the Digger, an amateur GrEE (D:8)
  An infernal demonspawn skeleton (Crypt:2)
  A floating eye (shapeshifter) (Depths:2)
  4 hell hounds
  7 ice beasts
  12 swamp drakes
  6 sky beasts
  42 orc warriors
  A manticore zombie (Crypt:2)
  5 black bears
  An ettin simulacrum (Crypt:2)
  A black bear (shapeshifter) (Vaults:4)
  An eye of draining (shapeshifter) (Depths:3)
  5 eyes of draining
  18 necrophages
  A fire dragon simulacrum (Hell)
  3 phantoms
  An alligator simulacrum (Hell)
  51 ogres
  A snapping turtle skeleton (Hell)
  41 wolves
  4 boggarts
  17 centaurs
  4 crocodiles
  A blink frog skeleton (Crypt:2)
  A big kobold (shapeshifter) (Depths:4)
  11 big kobolds
  6 small abominations
  22 bullfrogs
  A wyvern zombie (Crypt:1)
  A salamander skeleton (Crypt:1)
  10 earth elementals
  2 gnoll sergeants (D:8)
  A water moccasin zombie (Crypt:2)
  10 wyvern skeletons
  A water moccasin skeleton (D:6)
  31 scorpions
  5 wights
  4 killer bees (D:11)
  7 electric eels
  2 howler monkeys (D:10)
  6 centaur zombies
  14 crimson imps
  4 quasits
  3 bullfrog zombies
  3 human simulacra
  A lava snake (Lair:6)
  A human zombie (Crypt:3)
  26 jellies
  24 orc priests
  A bullfrog skeleton (D:9)
  2 iguanas (D:9)
  8 iron imps
  Jessica (D:3)
  25 orc wizards
  32 worker ants
  A big kobold zombie (Ossuary)
  A naga zombie (Tomb:1)
  3 hound zombies
  2 hound skeletons
  18 mummies
  8 gnolls (D:4)
  An adder (shapeshifter) (Depths:4)
  16 adders
  A river rat (Sewer)
  10 shadow imps
  6 white imps
  An ooze (D:4)
  3 adder skeletons
  A halfling skeleton (Crypt:2)
  2 worms
  2 dart slugs (D:1)
  6 leopard geckos
  88 orcs
  3 ball pythons
  9 bats
  10 giant cockroaches
  11 goblins
  6 hobgoblins
  21 jackals
  35 kobolds
  5 quokkas
  4 frilled lizards
  2 hobgoblin zombies (Ossuary)
  A jackal skeleton (D:8)
  3 kobold zombies
  A leopard gecko skeleton (D:4)
  3 orc zombies (Ossuary)
  A quokka skeleton (D:9)
  14 rats
  A river rat skeleton (Crypt:2)
  6 briar patches
  A bush (Lair:4)
  4 crawling corpses
  2 fire vortices (Volcano)
  2 fungi (Lair:4)
  2 plants (Lair:4)
  3 starspawn tentacles
  8 tentacles (Hell)
  4 withered plants (Crypt:3)
3123 creatures vanquished.

Vanquished Creatures (collateral kills)
  An orb of fire (Zot:5)
  A Killer Klown (Zot:5)
  Arachne (Spider:2)
  A tentacled monstrosity (Zot:5)
  An Orb Guardian (Zot:5)
  2 acid blobs
  A frost giant (IceCv)
  A fire giant (Depths:2)
  An azure jelly (Slime:5)
  A vault warden (Vaults:2)
  A ghost moth (Zot:5)
  An emperor scorpion (D:15)
  An ironheart preserver (Vaults:2)
  A corrupter (Pan)
  Azrael (D:14)
  A yellow draconian (Zot:1)
  A death ooze (Slime:5)
  A spriggan air mage (WizLab)
  3 vault guards (Vaults:5)
  A two-headed ogre (Vaults:5)
  2 death knights
  A ghost crab (WizLab)
  An orc knight (Vaults:2)
  An orc sorcerer (Vaults:2)
  2 wolf spiders
  A salamander (D:15)
  An apocalypse crab (WizLab)
  A vault sentinel (Vaults:2)
  A frost giant skeleton (Zig:7)
  A spriggan zombie (Zig:7)
  A smoke demon (Pan)
  A tormentor (Abyss:4)
  A hellwing (Pan)
  An ancient zyme (Abyss:4)
  A demonic crawler (Spider:3)
  A red devil (Zig:7)
  A polar bear (IceCv)
  A large abomination (Abyss:4)
  A vampire (D:9)
  A ynoxinul (Abyss:4)
  A fire bat (Abyss:3)
  2 fire elementals (D:14)
  A hell hound (D:14)
  3 starcursed masses (Abyss:3)
  4 jellies (Zot:1)
  An orc priest (Vaults:1)
  2 starspawn tentacles (Abyss:4)
59 creatures vanquished.

Vanquished Creatures (others)
  A tentacled starspawn (Abyss:4)
  A blizzard demon (WizLab)
  A yaktaur captain (Depths:4)
  A shock serpent (WizLab)
  A torturous demonspawn (Pan)
  A spriggan druid (Swamp:4)
  3 deep elf magi
  A cyclops (Vaults:2)
  11 yaktaurs
  A tarantella (Spider:1)
  3 centaurs (Depths:1)
  A jelly (Zot:1)
  2 worker ants (Spider:3)
  An orc (Vaults:2)
  2 kobolds
  3 briar patches
  A fire vortex (Volcano)
  6 fungi
  7 plants
  8 starspawn tentacles
  20 tentacles (Hell)
  10 withered plants (Crypt:3)
86 creatures vanquished.

Grand Total: 3268 creatures vanquished

Notes
Turn   | Place    | Note
-------+----------+-------------------------------------------
     0 | D:1      | wiperr the Minotaur Berserker began the quest for the Orb.
     0 | D:1      | Reached XP level 1. HP: 19/19 MP: 0/0
   128 | D:1      | Reached XP level 2. HP: 27/27 MP: 1/1
   537 | D:1      | Reached ** piety under Trog
   539 | D:1      | Reached XP level 3. HP: 33/33 MP: 2/2
   905 | D:2      | Found a shimmering altar of Xom.
   906 | D:2      | Found a sparkling altar of Nemelex Xobeh.
   907 | D:2      | Found a basalt altar of Yredelemnul.
   916 | D:2      | Reached XP level 4. HP: 36/41 MP: 3/3
  1009 | D:2      | Reached skill level 5 in Long Blades
  1466 | D:3      | Found a glowing drain.
  1590 | Sewer    | Entered a sewer
  1649 | Sewer    | Noticed a big kobold
  1665 | Sewer    | Killed a big kobold
  1665 | Sewer    | Reached skill level 5 in Fighting
  1665 | Sewer    | Reached skill level 3 in Armour
  1665 | Sewer    | Reached XP level 5. HP: 39/48 MP: 4/4
  1840 | Sewer    | Found a white marble altar of Elyvilon.
  2048 | D:3      | Found a hazy altar of Hepliaklqana.
  2105 | D:3      | Noticed Jessica
  2108 | D:3      | Killed Jessica
  2168 | D:3      | Reached *** piety under Trog
  2520 | D:3      | Reached skill level 4 in Armour
  2520 | D:3      | Reached XP level 6. HP: 57/57 MP: 5/5
  2583 | D:4      | Found Ipsey's Assorted Antiques.
  2761 | D:4      | Found Ydeshri's Antique Weapon Boutique.
  2960 | D:4      | HP: 2/57 [ogre/+0 giant spiked club (6)]
  2994 | D:4      | Reached skill level 5 in Armour
  2994 | D:4      | Reached XP level 7. HP: 16/64 MP: 6/6
  3255 | D:4      | Found a radiant altar of Vehumet.
  3256 | D:4      | Found an ancient bone altar of Kikubaaqudgha.
  3256 | D:4      | Found a hide-covered altar of Uskayaw.
  3639 | D:4      | Reached skill level 6 in Armour
  3824 | D:4      | Found Iniwi's Antique Weapon Shop.
  3847 | D:4      | Found Wofoesia's Antique Armour Boutique.
  4066 | D:4      | Found Ephihin's Antique Armour Boutique.
  4491 | D:5      | Entered Level 5 of the Dungeon
  4522 | D:5      | Reached **** piety under Trog
  4522 | D:5      | Reached XP level 8. HP: 74/74 MP: 7/7
  4662 | D:5      | Reached skill level 7 in Armour
  5263 | D:5      | Found a blossoming altar of Fedhas.
  5453 | D:6      | Reached skill level 8 in Armour
  5501 | D:6      | Found Moiplerch's Assorted Antiques.
  5753 | D:6      | Found a shadowy altar of Dithmenos.
  6189 | D:7      | Found a staircase to the Ecumenical Temple.
  6202 | D:7      | Reached XP level 9. HP: 75/84 MP: 8/8
  6266 | D:7      | Reached ***** piety under Trog
  6340 | D:7      | Got a pair of transparent gloves
  6345 | D:7      | Found Bolucepy's Jewellery Shop.
  6406 | D:7      | Found a sand-covered staircase.
  6412 | Ossuary  | Entered an ossuary
  6559 | Ossuary  | Identified the +1 pair of gloves of Tenaphui {Dex+4 Stlth+}
                  | (You found it on level 7 of the Dungeon)
  6761 | D:7      | Reached skill level 9 in Armour
  6898 | D:7      | Reached skill level 10 in Fighting
  7330 | D:8      | Found Yciriop's Gadget Boutique.
  7529 | D:8      | Found a transporter.
  7556 | D:8      | Found a transporter.
  7561 | D:8      | Found a bloodstained altar of Trog.
  7561 | D:8      | Noticed Debik's ghost (amateur GrEE)
  7569 | D:8      | Noticed a moth of wrath
  7676 | D:8      | Reached skill level 10 in Armour
  7702 | D:8      | Paralysed by a hornet for 1 turns
  8180 | D:8      | Reached XP level 10. HP: 89/96 MP: 9/9
  8452 | D:9      | Received a gift from Trog
  8915 | D:9      | Reached skill level 11 in Armour
  8976 | D:9      | Found Efucec's Assorted Antiques.
  9584 | D:9      | Found a bloodstained altar of Trog.
  9821 | D:9      | Noticed a cyclops
  9837 | D:9      | Killed an unseen horror
  9837 | D:9      | Reached skill level 10 in Long Blades
 10106 | D:9      | Got a bone great sword {god gift}
 10107 | D:9      | Identified the +6 great sword "Xarair" {venom, rN++} (Trog
                  | gifted it to you on level 9 of the Dungeon)
 10170 | D:9      | Killed a cyclops
 10178 | D:9      | Killed an unseen horror
 10178 | D:9      | Reached skill level 12 in Armour
 10406 | D:9      | Noticed a six-headed hydra
 10406 | D:9      | Noticed a five-headed hydra
 10444 | D:10     | Entered Level 10 of the Dungeon
 10864 | D:10     | Found a portal to a secret trove of treasure.
 10924 | D:10     | Reached skill level 5 in Dodging
 11102 | D:10     | Found a staircase to the Lair.
 11116 | D:10     | Reached XP level 11. HP: 100/104 MP: 10/10
 11461 | D:10     | Killed an unseen horror
 12037 | D:11     | Noticed a brown ugly thing
 12044 | D:11     | Killed a brown ugly thing
 12273 | D:11     | Received a gift from Trog
 12278 | D:11     | Got a shimmering great sword {god gift}
 12431 | D:11     | Identified the +2 great sword of Perfectionism {slice,
                  | rPois} (Trog gifted it to you on level 11 of the Dungeon)
 13518 | D:4      | Bought a pair of boots for 121 gold pieces
 13690 | D:8      | Killed Debik's ghost
 13703 | D:8      | Reached skill level 13 in Armour
 13786 | D:9      | Noticed a catoblepas
 13786 | D:9      | a five-headed hydra changed into a catoblepas
 13803 | D:9      | Killed a catoblepas
 15045 | D:12     | Found a staircase to the Orcish Mines.
 15379 | D:12     | Noticed a purple ugly thing
 15387 | D:12     | Killed a purple ugly thing
 15545 | D:13     | Found a glowing golden altar of the Shining One.
 15545 | D:13     | Noticed an angel
 15546 | D:13     | Found a runed translucent door.
 15565 | D:13     | Noticed a tengu warrior
 15566 | D:13     | Noticed a tengu warrior
 15600 | D:13     | Killed a tengu warrior
 15605 | D:13     | Reached XP level 12. HP: 105/115 MP: 11/11
 15607 | D:13     | Killed a tengu warrior
 15654 | D:13     | Noticed a rakshasa
 15684 | D:13     | Received a gift from Trog
 15686 | D:13     | Killed a rakshasa
 15945 | D:13     | Noticed Nessos
 15946 | D:13     | Reached skill level 14 in Armour
 15973 | D:13     | Killed Nessos
 16084 | D:13     | Noticed a two-headed ogre
 16089 | D:13     | Killed a two-headed ogre
 16355 | D:13     | Noticed an ogre mage
 16355 | D:13     | Noticed a two-headed ogre
 16357 | D:13     | Noticed a two-headed ogre
 16363 | D:13     | Killed a two-headed ogre
 16368 | D:13     | Killed a two-headed ogre
 16381 | D:13     | Killed an ogre mage
 16496 | D:13     | Found a gate to the Vaults.
 16827 | D:13     | Noticed a centaur warrior
 16834 | D:13     | Killed a centaur warrior
 16940 | D:13     | Reached XP level 13. HP: 125/125 MP: 12/12
 17208 | D:13     | Reached ****** piety under Trog
 17586 | D:14     | Reached skill level 15 in Armour
 17844 | D:14     | Received a gift from Trog
 18016 | D:15     | Entered Level 15 of the Dungeon
 18713 | D:14     | Noticed Azrael
 18722 | D:14     | Reached skill level 15 in Fighting
 18724 | D:14     | Killed Azrael
 19312 | D:15     | Noticed an emperor scorpion
 19331 | D:15     | Killed an emperor scorpion
 19341 | D:15     | Found a staircase to the Depths.
 19824 | D:15     | Received a gift from Trog
 19824 | D:15     | Reached skill level 16 in Armour
 20149 | D:15     | Found a glowing golden altar of the Shining One.
 20169 | D:15     | Reached XP level 14. HP: 72/136 MP: 4/13
 20656 | D:15     | Reached skill level 15 in Long Blades
 21224 | Lair:1   | Entered Level 1 of the Lair of Beasts
 21407 | D:4      | Bought a runed demon blade for 342 gold pieces
 21407 | D:4      | Bought a scroll of enchant weapon for 142 gold pieces
 21407 | D:4      | Bought a scroll of enchant weapon for 142 gold pieces
 21407 | D:4      | Bought a scroll of enchant armour for 142 gold pieces
 22065 | Lair:1   | Noticed Gastronok
 22085 | Lair:1   | Killed Gastronok
 22085 | Lair:1   | Reached skill level 1 in Throwing
 22085 | Lair:1   | Reached skill level 1 in Shields
 23175 | Lair:2   | Found a staircase to the Swamp.
 23496 | Lair:2   | Received a gift from Trog
 24365 | Lair:3   | Reached skill level 17 in Armour
 24414 | Lair:3   | Noticed Urug
 24421 | Lair:3   | Killed Urug
 25276 | Lair:4   | Found a hole to the Spider Nest.
 25394 | Lair:4   | Got a bloodstained scale mail
 25617 | Lair:4   | Reached skill level 1 in Evocations
 25958 | Lair:4   | You fall through a shaft for 2 floors!
 25958 | Lair:6   | Entered Level 6 of the Lair of Beasts
 25971 | Lair:6   | Reached XP level 15. HP: 147/147 MP: 14/14
 26038 | Lair:6   | Received a gift from Trog
 26135 | Lair:6   | Found a white marble altar of Elyvilon.
 27207 | Lair:6   | Identified the +5 scale mail "Xoqeump" {rPois rCorr} (You
                  | found it on level 4 of the Lair of Beasts)
 27219 | Lair:6   | Found a runed translucent gate.
 27219 | Lair:6   | Found a runed translucent gate.
 27220 | Lair:6   | Found a runed translucent gate.
 27223 | Lair:6   | Noticed Fashaeth's ghost (adept VSFi)
 27228 | Lair:6   | Found a viscous altar of Jiyva.
 27555 | Lair:5   | Reached skill level 5 in Throwing
 27589 | Lair:5   | Found a dark tunnel.
 27600 | Volcano  | Entered a volcano
 27681 | Volcano  | Got a pair of shimmering boots
 27766 | Volcano  | Reached skill level 18 in Armour
 27896 | Lair:5   | Found a frozen archway.
 27906 | IceCv    | Entered an ice cave
 27922 | IceCv    | Received a gift from Trog
 27923 | IceCv    | Found the +2 Maxwell's thermic engine {flame, freeze}
 27940 | IceCv    | Identified the +4 pair of boots of Wu Jian's Delight {rCorr
                  | Int+7 Dex-3} (You found it in a volcano)
 28853 | IceCv    | Noticed a frost giant
 28879 | IceCv    | Reached skill level 5 in Shields
 28884 | IceCv    | Killed a frost giant
 29574 | Lair:5   | Identified a scroll of acquirement
 29614 | Lair:5   | Found a staircase to the Slime Pits.
 30289 | Spider:1 | Entered Level 1 of the Spider Nest
 30968 | Spider:1 | Received a gift from Trog
 31099 | Spider:1 | Reached skill level 5 in Evocations
 31625 | Spider:2 | Reached XP level 16. HP: 143/157 MP: 19/19
 31693 | Spider:2 | Received a gift from Trog
 31937 | Spider:2 | Noticed Arachne
 31948 | Spider:2 | Killed Arachne
 32900 | Spider:3 | Got an encrusted plate armour
 33052 | Spider:3 | Identified the cursed +1 plate armour "Cemnih" {rPois rF++
                  | rC+ Str-4} (You found it on level 3 of the Spider Nest)
 33290 | Spider:3 | Received a gift from Trog
 33828 | Spider:3 | Received a gift from Trog
 34754 | Spider:3 | Reached XP level 17. HP: 168/168 MP: 23/23
 34792 | Spider:3 | Received a gift from Trog
 35029 | Spider:4 | Entered Level 4 of the Spider Nest
 35258 | Spider:4 | Reached skill level 10 in Evocations
 35264 | Spider:4 | Reached skill level 10 in Shields
 35268 | Spider:4 | Noticed Louise
 35279 | Spider:4 | Cast into level 3 of the Abyss (Louise)
 35566 | Abyss:3  | Gained mutation: You do not regenerate when monsters are
                  | visible. [a cacodemon]
 35626 | Abyss:3  | Received a gift from Trog
 35679 | Spider:4 | Escaped the Abyss
 35703 | Spider:4 | Killed Louise
 37822 | Spider:4 | Received a gift from Trog
 38173 | Spider:4 | Got a gossamer rune of Zot
 38485 | Swamp:1  | Entered Level 1 of the Swamp
 38905 | Swamp:1  | Received a gift from Trog
 38909 | Swamp:1  | Got a smoking long sword {god gift}
 38910 | Swamp:1  | Identified the +2 long sword "Yhiv" {slice, rF+ Int+2}
                  | (Trog gifted it to you on level 1 of the Swamp)
 39192 | Swamp:1  | You fall through a shaft!
 39544 | Swamp:2  | Reached XP level 18. HP: 159/178 MP: 26/26
 39703 | Swamp:2  | Noticed Kirke
 39751 | Swamp:2  | Killed Kirke
 39871 | Swamp:2  | Reached skill level 10 in Dodging
 40156 | Swamp:2  | You fall through a shaft!
 40656 | Swamp:3  | Found the +7 Kryia's mail coat {PotionHeal*2 rC+}
 40674 | Swamp:3  | Received a gift from Trog
 41103 | Swamp:4  | Entered Level 4 of the Swamp
 42082 | Swamp:4  | Got a decaying rune of Zot
 42266 | Swamp:4  | Identified Roxanne's Catalogue of the Rocks
 42266 | Swamp:4  | Noticed Roxanne
 42277 | Swamp:4  | Killed Roxanne
 42634 | Swamp:4  | Got an ebony great sword
 42996 | Orc:1    | Entered Level 1 of the Orcish Mines
 43008 | Orc:1    | Received a gift from Trog
 43050 | Orc:1    | Identified the +7 great sword of Honesty {holy, rC+ MR+}
                  | (You found it on level 4 of the Swamp)
 43077 | Orc:1    | Found a roughly hewn altar of Beogh.
 43282 | Orc:2    | Entered Level 2 of the Orcish Mines
 43606 | Orc:2    | Received a gift from Trog
 43673 | Orc:2    | Found a staircase to the Elven Halls.
 43771 | Orc:2    | Paralysed by an ogre mage for 3 turns
 43805 | Orc:2    | Paralysed by an ogre mage for 7 turns
 44308 | Orc:2    | Found Paneeh's General Store.
 44308 | Orc:2    | Found Haiklet's Food Shop.
 44309 | Orc:2    | Found Gubbamm's Gadget Shop.
 44309 | Orc:2    | Found Otaec's Antique Armour Shoppe.
 44315 | Orc:2    | Reached skill level 15 in Shields
 44334 | Orc:2    | Bought a transparent chain mail for 256 gold pieces
 44344 | Orc:2    | Identified the +8 chain mail of Jyutt {+Blink rC+} (You
                  | bought it in a shop on level 2 of the Orcish Mines)
 44394 | Orc:2    | Bought a wand of clouds (6) for 390 gold pieces
 44395 | Orc:2    | Bought a box of beasts for 300 gold pieces
 44395 | Orc:2    | Bought 2 potions of curing for 90 gold pieces
 44581 | Orc:2    | Received a gift from Trog
 45304 | Depths:1 | Entered Level 1 of the Depths
 45357 | Depths:1 | Received a gift from Trog
 45383 | Depths:1 | Found a gateway to a ziggurat.
 45742 | Depths:1 | Reached XP level 19. HP: 188/188 MP: 27/27
 45885 | Depths:1 | Received a gift from Trog
 46211 | Depths:1 | Found the +10 large shield of Ignorance {rN+ Int-4}
 46516 | Depths:1 | Found a gateway to Hell.
 46768 | Depths:1 | Noticed a Brimstone Fiend
 46935 | Depths:1 | Noticed a Brimstone Fiend
 47107 | Depths:2 | Found a glowing golden altar of the Shining One.
 47346 | Depths:2 | Noticed Asterion
 47360 | Depths:2 | Killed Asterion
 48014 | Depths:2 | Found Yfyoxuecs's Gadget Boutique.
 48073 | Depths:2 | Received a gift from Trog
 48494 | Depths:2 | Got a brightly glowing bronze ring
 48498 | Depths:2 | Identified the cursed ring "Arilan" {rF++ rC+ Int-3} (You
                  | found it on level 2 of the Depths)
 48508 | Depths:2 | Got an ichor-stained scale mail
 48519 | Depths:2 | Identified the cursed +0 scale mail "Beismafa" {+Inv rElec
                  | rC+ Str-4} (You found it on level 2 of the Depths)
 48810 | Depths:2 | Received a gift from Trog
 48959 | Depths:3 | Reached XP level 20. HP: 200/200 MP: 28/28
 49091 | Depths:3 | Noticed a golden dragon
 49102 | Depths:3 | Killed a golden dragon
 49428 | Depths:3 | Noticed a golden dragon
 49431 | Depths:3 | Identified the +8 lajatang of a bailey {protect, -Tele
                  | rPois SInv}
 49446 | Depths:3 | Killed a golden dragon
 49644 | Depths:3 | Identified the Compendium of Execration and the Frostbite
 49916 | Depths:3 | Received a gift from Trog
 50100 | Depths:3 | Got a twisted scimitar {god gift}
 50242 | Depths:3 | Found a one-way gate leading to the halls of Pandemonium.
 50462 | Depths:3 | Cast into level 4 of the Abyss (a lich)
 50466 | Abyss:4  | Identified the Tome of Dark Rites and the Voyage
 50563 | Abyss:4  | Paralysed by accursed screaming for 1 turns
 50635 | Depths:3 | Escaped the Abyss
 51189 | Depths:4 | Noticed a juggernaut
 51191 | Depths:4 | Paralysed by a great orb of eyes for 3 turns
 51220 | Depths:3 | Killed a juggernaut
 51458 | Depths:4 | Paralysed by something for 5 turns
 52165 | Depths:3 | Reached skill level 15 in Dodging
 52326 | Depths:4 | Noticed a juggernaut
 52364 | Depths:3 | Killed a juggernaut
 52365 | Depths:3 | Reached XP level 21. HP: 179/210 MP: 20/30
 52604 | Depths:3 | Identified the +2 scimitar of Resumed Hostilities {vamp,
                  | rC- rN+ Str+2} (Trog gifted it to you on level 3 of the
                  | Depths)
 52652 | Depths:4 | Found a one-way gate to the infinite horrors of the Abyss.
 52657 | Depths:4 | Found a runed translucent gate.
 52657 | Depths:4 | Found a runed translucent gate.
 52657 | Depths:4 | Found a runed translucent gate.
 52658 | Depths:4 | Noticed Infinimo's ghost (veteran MiFi)
 52658 | Depths:4 | Noticed an ancient lich
 52898 | Depths:4 | Received a gift from Trog
 53468 | Slime:1  | Entered Level 1 of the Pits of Slime
 54385 | Slime:2  | Gained mutation: You are weak. (Str -2) [a shining eye]
 54388 | Slime:2  | Gained mutation: You are dopey. (Int -2) [a shining eye]
 54404 | Slime:2  | Gained mutation: Your magical capacity is low. (-10% MP) [a
                  | shining eye]
 54406 | Slime:2  | Gained mutation: You are very dopey. (Int -4) [a shining
                  | eye]
 54423 | Slime:2  | Gained mutation: Your magical capacity is very low. (-20%
                  | MP) [a shining eye]
 54426 | Slime:2  | Gained mutation: You are frail. (-10% HP) [a shining eye]
 54433 | Slime:2  | Gained mutation: Your magical capacity is extremely low.
                  | (-30% MP) [a shining eye]
 54467 | Slime:1  | HP: 9/189 [acid blob/splash of acid (1)]
 54467 | Slime:1  | HP: 3/189 [acid (6)]
 56415 | Slime:4  | Paralysed by a floating eye for 4 turns
 57147 | Slime:5  | Entered Level 5 of the Pits of Slime
 57277 | Slime:5  | Reached skill level 19 in Armour
 57362 | Slime:5  | Found a viscous altar of Jiyva.
 57363 | Slime:5  | Noticed the Royal Jelly
 57375 | Slime:5  | Killed the Royal Jelly
 58664 | Slime:5  | Identified Huczon's Papyrus of Dislocation
 58693 | Slime:5  | Got a slimy rune of Zot
 58805 | Slime:5  | Got a steaming tin ring
 58807 | Slime:5  | Got a serpentine tin ring
 58816 | Slime:5  | Identified the ring of Haehoec {rC+ Int+3 Slay+3} (You
                  | found it on level 5 of the Pits of Slime)
 58819 | Slime:5  | Identified the ring "Risir" {rPois Int+3 SInv} (You found
                  | it on level 5 of the Pits of Slime)
 59177 | Slime:4  | Gained mutation: Scrolls take you a little longer to read.
                  | [a shining eye]
 59178 | Slime:4  | Gained mutation: Your body sometimes deteriorates upon
                  | taking damage. [a shining eye]
 59627 | Vaults:1 | Entered Level 1 of the Vaults
 60027 | Vaults:1 | Reached XP level 22. HP: 51/199 MP: 22/22
 60444 | Vaults:1 | Received a gift from Trog
 60605 | Vaults:1 | Found a runed translucent door.
 60607 | Vaults:1 | Noticed jlumianski's ghost (veteran KoBe)
 60991 | Vaults:1 | Reached skill level 20 in Armour
 61554 | Vaults:1 | Killed jlumianski's ghost
 62078 | Vaults:2 | Found a staircase to the Crypt.
 62078 | Vaults:2 | Found a basalt altar of Yredelemnul.
 62079 | Vaults:2 | Found an ancient bone altar of Kikubaaqudgha.
 62128 | Vaults:2 | Found the +8 arc blade {discharge, rElec}
 62187 | Vaults:2 | Received a gift from Trog
 62343 | Vaults:2 | Received a gift from Trog
 62652 | Vaults:2 | Paralysed by an orc sorcerer for 7 turns
 62674 | Vaults:2 | Found Nuelutip's Distillery.
 64361 | Vaults:3 | Received a gift from Trog
 64683 | Vaults:3 | Received a gift from Trog
 64719 | Vaults:3 | Reached XP level 23. HP: 210/210 MP: 22/22
 66121 | Vaults:4 | Lost mutation: You are frail. (-10% HP) [potion of
                  | mutation]
 66121 | Vaults:4 | Lost mutation: You are very dopey. (Int -4) [potion of
                  | mutation]
 66121 | Vaults:4 | Lost mutation: Your body sometimes deteriorates upon taking
                  | damage. [potion of mutation]
 66121 | Vaults:4 | Gained mutation: You evolve. [potion of mutation]
 66121 | Vaults:4 | Gained mutation: You have a pair of large horns on your
                  | head. [potion of mutation]
 66123 | Vaults:4 | Lost mutation: Scrolls take you a little longer to read.
                  | [potion of mutation]
 66123 | Vaults:4 | Lost mutation: Your magical capacity is extremely low.
                  | (-30% MP) [potion of mutation]
 66123 | Vaults:4 | Gained mutation: Your magical capacity is extremely low.
                  | (-30% MP) [potion of mutation]
 66123 | Vaults:4 | Gained mutation: You are occasionally teleported next to
                  | monsters. [potion of mutation]
 66123 | Vaults:4 | Lost mutation: You are dopey. (Int -2) [potion of mutation]
 66123 | Vaults:4 | Gained mutation: Your mind is acute. (Int +2) [potion of
                  | mutation]
 66979 | Vaults:4 | Received a gift from Trog
 67095 | Vaults:4 | Lost mutation: Your magical capacity is extremely low.
                  | (-30% MP) [evolution]
 67258 | Crypt:1  | Entered Level 1 of the Crypt
 67330 | Crypt:1  | Found a magical portal.
 67335 | WizLab   | Entered The Chambers of the Cloud Mage
 67832 | WizLab   | Paralysed by you for 3 turns
 68280 | WizLab   | Identified the Handbook of Weightlessness
 68283 | WizLab   | Got a twitching pewter amulet
 68370 | WizLab   | Identified a +1 pair of boots of running (You found it in a
                  | wizard's laboratory)
 68371 | WizLab   | Identified the amulet "Foyskupaek" {Gourm +Fly rC+} (You
                  | found it in a wizard's laboratory)
 68763 | Crypt:1  | Noticed Aizul
 68776 | Crypt:1  | Killed Aizul
 69229 | Crypt:1  | Found a runed translucent gate.
 69234 | Crypt:1  | Found a runed translucent gate.
 69235 | Crypt:1  | Found a runed translucent gate.
 69236 | Crypt:1  | Noticed Fainec's ghost (veteran GrEE)
 69237 | Crypt:1  | Noticed Nyubb's ghost (veteran MiGl)
 70072 | Crypt:2  | Received a gift from Trog
 70151 | Crypt:2  | Reached XP level 24. HP: 233/245 MP: 26/26
 70749 | Crypt:3  | Entered Level 3 of the Crypt
 70909 | Crypt:3  | Identified the Grimoire of Darkness
 71017 | Crypt:3  | Got a translucent tin ring
 71022 | Crypt:3  | Identified the ring of Qearghank {-Tele rElec rC+ MR++
                  | Dex+4} (You found it on level 3 of the Crypt)
 71070 | Crypt:3  | Noticed Khufu
 71071 | Crypt:3  | Noticed a greater mummy
 71073 | Crypt:3  | Noticed a greater mummy
 71125 | Crypt:3  | Killed Khufu
 71155 | Crypt:3  | Killed a greater mummy
 71175 | Crypt:3  | Killed a greater mummy
 71628 | Crypt:3  | Found a basalt altar of Yredelemnul.
 72110 | Crypt:3  | Found a staircase to the Tomb.
 72110 | Crypt:3  | Noticed Margery
 72121 | Crypt:3  | Received a gift from Trog
 72126 | Crypt:3  | Killed Margery
 73316 | Crypt:3  | Identified the amulet "Reegh" {Regen+ Str+5} (You found it
                  | on level 3 of the Crypt)
 74242 | Orc:2    | Bought a ration for 65 gold pieces
 74242 | Orc:2    | Bought a ration for 65 gold pieces
 74242 | Orc:2    | Bought a ration for 65 gold pieces
 74242 | Orc:2    | Bought a ration for 65 gold pieces
 74242 | Orc:2    | Bought a ration for 65 gold pieces
 74242 | Orc:2    | Bought a ration for 65 gold pieces
 74242 | Orc:2    | Bought a ration for 65 gold pieces
 74242 | Orc:2    | Bought a ration for 65 gold pieces
 74242 | Orc:2    | Bought a ration for 65 gold pieces
 74242 | Orc:2    | Bought a ration for 65 gold pieces
 74242 | Orc:2    | Bought a ration for 65 gold pieces
 74242 | Orc:2    | Bought a ration for 65 gold pieces
 74242 | Orc:2    | Bought a ration for 65 gold pieces
 74242 | Orc:2    | Bought a ration for 65 gold pieces
 74245 | Orc:2    | Bought a ration for 75 gold pieces
 74245 | Orc:2    | Bought a ration for 75 gold pieces
 74440 | Vaults:2 | Bought a potion of curing for 33 gold pieces
 74440 | Vaults:2 | Bought a potion of agility for 44 gold pieces
 74440 | Vaults:2 | Bought a potion of curing for 33 gold pieces
 74440 | Vaults:2 | Bought a potion of heal wounds for 55 gold pieces
 74440 | Vaults:2 | Bought a potion of might for 44 gold pieces
 74440 | Vaults:2 | Bought a potion of heal wounds for 55 gold pieces
 74440 | Vaults:2 | Bought a potion of curing for 33 gold pieces
 74440 | Vaults:2 | Bought a potion of curing for 33 gold pieces
 74627 | Elf:1    | Entered Level 1 of the Elven Halls
 74962 | Elf:1    | Identified Xejosob's Disquisition on Attacks
 75061 | Elf:1    | Received a gift from Trog
 75479 | Elf:2    | Found a runed translucent gate.
 75479 | Elf:2    | Found a runed translucent gate.
 75479 | Elf:2    | Found a runed translucent gate.
 75576 | Elf:2    | Received a gift from Trog
 75607 | Elf:2    | Received a gift from Trog
 75663 | Elf:2    | Found Cuiqi's Magic Scroll Emporium.
 75672 | Elf:2    | Bought a scroll of magic mapping for 59 gold pieces
 75935 | Elf:2    | Reached XP level 25. HP: 254/254 MP: 26/26
 76423 | Elf:3    | Entered Level 3 of the Elven Halls
 76467 | Elf:3    | Gained mutation: You occasionally shout uncontrollably at
                  | your foes. [a neqoxec]
 76470 | Elf:3    | Received a gift from Trog
 76561 | Elf:3    | Noticed Donald
 76571 | Elf:3    | Killed Donald
 77008 | Elf:3    | Received a gift from Trog
 77071 | Elf:3    | Reached skill level 21 in Armour
 77116 | Elf:3    | Reached skill level 15 in Evocations
 77334 | Elf:3    | Identified the +9 storm dragon scales of the Game of Kings
                  | {rElec Regen+ rCorr SInv} (You found it on level 3 of the
                  | Elven Halls)
 77372 | Elf:3    | Got a bound steel amulet
 77373 | Elf:3    | Identified the amulet "Olestryr" {Faith rF+} (You found it
                  | on level 3 of the Elven Halls)
 77434 | Elf:3    | Got a bloodstained plate armour
 77494 | Elf:3    | Identified the +9 plate armour of Polidgh {+Blink +Fly
                  | Regen+ Int-4} (You found it on level 3 of the Elven Halls)
 77496 | Elf:3    | Identified the ring of the City {*Tele *Contam rF+++ rC+
                  | Str+2} (You found it on level 3 of the Elven Halls)
 78012 | Zig:1    | Entered Level 1 of a ziggurat
 78028 | Zig:2    | Entered Level 2 of a ziggurat
 78028 | Zig:2    | Noticed Sotoisaf the pandemonium lord
 78040 | Zig:2    | Killed Sotoisaf the pandemonium lord
 78184 | Zig:3    | Entered Level 3 of a ziggurat
 78218 | Zig:4    | Entered Level 4 of a ziggurat
 78260 | Zig:4    | Identified the ring "Lofiso" {rElec rF+ MR+ Stlth+} (You
                  | found it on level 4 of a ziggurat)
 78287 | Zig:5    | Entered Level 5 of a ziggurat
 78288 | Zig:5    | Noticed Xoplit the pandemonium lord
 78290 | Zig:5    | Gained mutation: You are clumsy. (Dex -2) [a cacodemon]
 78318 | Zig:5    | Killed Xoplit the pandemonium lord
 78387 | Zig:6    | Entered Level 6 of a ziggurat
 78391 | Zig:6    | Found the ring of the Octopus King
 78413 | Zig:6    | Received a gift from Trog
 78469 | Zig:6    | Got a ring of the Octopus King
 78477 | Zig:6    | Identified a ring of the Octopus King {AC+1 EV+1 Str+1
                  | Int+1 Dex+1 SInv} (You found it on level 6 of a ziggurat)
 78586 | Zig:7    | Entered Level 7 of a ziggurat
 78623 | Zig:7    | Got a smoking iron amulet
 78650 | Zig:7    | Identified the amulet "Battisem" {Inacc +Fly rC+} (You
                  | found it on level 7 of a ziggurat)
 78760 | Zig:8    | Entered Level 8 of a ziggurat
 78974 | Zig:9    | Entered Level 9 of a ziggurat
 79112 | Zig:9    | Got a crude glass ring
 79129 | Zig:9    | Identified the ring "Tycairuo" {rC+ AC+3} (You found it on
                  | level 9 of a ziggurat)
 79131 | Zig:9    | Reached XP level 26. HP: 263/263 MP: 26/26
 79446 | Vaults:5 | Entered Level 5 of the Vaults
 79829 | Vaults:4 | Reached skill level 22 in Armour
 79875 | Vaults:4 | Received a gift from Trog
 79946 | Vaults:5 | Reached XP level 27. HP: 248/269 MP: 27/27
 80269 | Vaults:5 | Received a gift from Trog
 80300 | Vaults:5 | Paralysed by a floating eye for 3 turns
 81038 | Vaults:5 | Reached skill level 23 in Armour
 81047 | Vaults:5 | Got a bloodstained cloak
 81048 | Vaults:5 | Identified the +2 cloak of Jixupp {MR+} (You found it on
                  | level 5 of the Vaults)
 81382 | Vaults:5 | Found Tunluod's Antique Weapon Shoppe.
 81505 | Vaults:5 | Found the +2 ratskin cloak {+Rats rPois rN+ Str-1 Int-1
                  | Dex+1}
 81593 | Vaults:5 | Found the +8 mithril axe "Arga" {speed, MR+}
 81599 | Vaults:5 | Received a gift from Trog
 81779 | Vaults:5 | Got a silver rune of Zot
 82377 | Depths:4 | Gained mutation: You are frail. (-10% HP) [a cacodemon]
 82865 | Depths:4 | Identified the Papyrus of Aid and Ice
 83008 | Depths:5 | Entered Level 5 of the Depths
 83184 | Depths:5 | Received a gift from Trog
 83243 | Depths:5 | Found a gate to the Realm of Zot.
 83308 | Depths:5 | Received a gift from Trog
 83660 | Depths:5 | Noticed a juggernaut
 83666 | Depths:5 | Killed a juggernaut
 84221 | Zot:1    | Entered Level 1 of the Realm of Zot
 84372 | Zot:1    | Received a gift from Trog
 84636 | Zot:1    | Reached skill level 24 in Armour
 85045 | Zot:1    | Lost mutation: You are occasionally teleported next to
                  | monsters. [evolution]
 85248 | Zot:1    | Received a gift from Trog
 86931 | Zot:2    | Reached skill level 25 in Armour
 87570 | Zot:3    | Received a gift from Trog
 88203 | Zot:3    | Received a gift from Trog
 89017 | Zot:5    | Entered Level 5 of the Realm of Zot
 89406 | Zot:5    | Noticed an orb of fire
 89407 | Zot:5    | Noticed an ancient lich
 89417 | Zot:5    | Noticed an orb of fire
 89418 | Zot:5    | Gained mutation: You are very weak. (Str -4) [an orb of
                  | fire]
 89420 | Zot:5    | Killed an ancient lich
 89423 | Zot:5    | Gained mutation: Your body sometimes deteriorates upon
                  | taking damage. [an orb of fire]
 89424 | Zot:5    | Gained mutation: Your body often deteriorates upon taking
                  | damage. [an orb of fire]
 89425 | Zot:5    | Killed an orb of fire
 89429 | Zot:5    | Noticed an orb of fire
 89435 | Zot:5    | Gained mutation: Armour fits poorly on your strangely
                  | shaped body. [an orb of fire]
 89439 | Zot:5    | Gained mutation: You are occasionally teleported next to
                  | monsters. [an orb of fire]
 89441 | Zot:5    | Killed an orb of fire
 89443 | Zot:5    | HP: 11/243 [orb of fire/fireball (46)]
 89449 | Zot:5    | Gained mutation: Your magical capacity is extremely low.
                  | (-30% MP) [an orb of fire]
 89449 | Zot:5    | Killed an orb of fire
 89467 | Zot:5    | Noticed an orb of fire
 89470 | Zot:5    | HP: 7/243 [orb of fire/fireball (33)]
 89480 | Zot:5    | Lost mutation: You occasionally shout uncontrollably at
                  | your foes. [an orb of fire]
 89481 | Zot:5    | Killed an orb of fire
 89481 | Zot:5    | Reached skill level 26 in Armour
 90250 | Tomb:1   | Entered Level 1 of the Tomb of the Ancients
 90662 | Tomb:1   | Lost intelligence.
 90670 | Tomb:1   | Received a gift from Trog
 90945 | Tomb:1   | Lost intelligence.
 90949 | Tomb:1   | Noticed an ancient lich
 90998 | Tomb:1   | Killed an ancient lich
 91710 | Hell     | Entered the Vestibule of Hell
 91827 | Hell     | Noticed Geryon
 91964 | Hell     | Killed Geryon
 92131 | Hell     | Found a gateway to the ashen valley of Gehenna.
 92268 | Hell     | Received a gift from Trog
 92269 | Hell     | Found a gateway to the decaying netherworld of Tartarus.
 92528 | Hell     | Found a gateway to the freezing wastes of Cocytus.
 92636 | Hell     | Found a gateway to the Iron City of Dis.
 92896 | Depths:4 | Voluntarily entered the Abyss.
 93187 | Depths:4 | Escaped the Abyss
 93418 | Pan      | Entered Pandemonium
 93584 | Pan      | Reached skill level 27 in Armour
 93641 | Pan      | Noticed Rokkeula the pandemonium lord
 93654 | Pan      | Killed Rokkeula the pandemonium lord
 94524 | Pan      | Received a gift from Trog
 94714 | Pan      | Noticed Lylubleg the pandemonium lord
 94739 | Pan      | Killed Lylubleg the pandemonium lord
 95164 | Pan      | Gained mutation: Potions are less effective at restoring
                  | your health. [a neqoxec]
 95735 | Pan      | Gained mutation: You occasionally shout uncontrollably at
                  | your foes. [a neqoxec]
 95772 | Pan      | Noticed Basyv the pandemonium lord
 95802 | Pan      | Killed Basyv the pandemonium lord
 95802 | Pan      | Gained mutation: You tend to lose your temper in combat. [a
                  | cacodemon]
 95813 | Pan      | Gained mutation: Scrolls take you a little longer to read.
                  | [a cacodemon]
 95832 | Pan      | HP: 8/243 [soul eater/drain life (7)]
 95837 | Pan      | Killed from afar by a hellion

Skill      XL: |  1  2  3  4  5  6  7  8  9 10 11 12 13 14 15 16 17 18 19 20 21 22 23 24 25 26 27 |
---------------+----------------------------------------------------------------------------------+-----
Long Blades    | 4 5 6 7 9 10 12 13 14 15 16 17 | 17.6
Fighting       | 4 5 6 7 9 11 13 14 15 17 18 19 20 21 22 24 25 26 | 26.4
Armour         | 3 4 5 6 8 10 12 13 14 16 17 18 19 20 21 22 27 | 27.0
Dodging        | 3 5 6 8 9 11 13 15 16 17 19 25 | 25.1
Throwing       | 4 5 |  5.7
Shields        | 4 6 9 12 15 17 18 21 24 25 | 25.0
Evocations     | 1 5 9 12 13 14 15 16 21 | 21.3
Stealth        | |  0.2

Action                   |  1- 3 |  4- 6 |  7- 9 | 10-12 | 13-15 | 16-18 | 19-21 | 22-24 | 25-27 || total
-------------------------+-------+-------+-------+-------+-------+-------+-------+-------+-------++-------
Melee: Falchion          |    54 |   125 |   172 |       |       |       |       |       |       ||   351
       Headbutt          |     6 |    18 |    92 |   159 |   362 |   373 |   417 |   577 |  1049 ||  3053
       Long sword        |       |       |   220 |   135 |       |       |       |       |       ||   355
       Great sword       |       |       |       |   378 |   260 |       |       |       |       ||   638
       Dire flail        |       |       |       |       |     7 |       |       |       |       ||     7
       Scimitar          |       |       |       |       |    42 |       |       |       |       ||    42
       Demon blade       |       |       |       |       |   520 |       |       |       |   174 ||   694
       Double sword      |       |       |       |       |   256 |  1574 |  1202 |  1755 |  2356 ||  7143
Invok: Trog's Hand       |       |     1 |     2 |     3 |     8 |    17 |    17 |    19 |    24 ||    91
       Berserk           |       |       |     2 |     1 |       |     1 |       |       |     1 ||     5
       Brothers in Arms  |       |       |       |     2 |     3 |     6 |     6 |     7 |    19 ||    43
Evoke: Wand              |       |       |       |    14 |       |     1 |     4 |     3 |    11 ||    33
       Fan of gales      |       |       |       |     1 |       |       |       |       |       ||     1
       Lightning rod     |       |       |       |       |       |       |     4 |     4 |       ||     8
       Sack of spiders   |       |       |       |       |       |       |       |       |     3 ||     3
       Box of beasts     |       |       |       |       |       |       |       |       |     2 ||     2
  Use: Scroll            |       |    10 |     7 |    17 |    24 |     8 |     8 |     6 |    32 ||   112
       Potion            |       |       |       |       |     3 |     6 |    14 |    12 |    15 ||    50
 Stab: Sleeping          |       |     1 |       |       |       |       |       |       |       ||     1
       Distracted        |       |       |       |       |     1 |     1 |       |     1 |     5 ||     8
       Petrified         |       |       |       |       |     2 |       |       |       |       ||     2
  Eat: Chunk             |       |     6 |    19 |    14 |    15 |     8 |     8 |    13 |     7 ||    90
       Ration            |       |       |     2 |     3 |    12 |    14 |    13 |    15 |    22 ||    81
Armor: Animal skin       |     7 |    11 |       |       |       |       |       |       |       ||    18
       Chain mail        |       |     7 |   248 |   128 |       |    27 |   489 |   287 |       ||  1186
       Plate armour      |       |       |       |   333 |   583 |  1135 |       |       |       ||  2051
       Scale mail        |       |       |       |       |    13 |       |       |       |       ||    13
       Gold dragon scale |       |       |       |       |       |       |       |    27 |   591 ||   618
       Storm dragon scal |       |       |       |       |       |       |       |       |    42 ||    42
Dodge: Dodged            |    41 |   103 |   184 |   304 |   531 |   826 |   479 |   391 |  1002 ||  3861
Block: Other             |       |       |    14 |   120 |    58 |    26 |       |       |       ||   218
       Reflection        |       |       |     2 |     6 |    10 |    35 |    69 |    79 |       ||   201
       Buckler           |       |       |       |       |   307 |   542 |       |       |       ||   849
       Shield            |       |       |       |       |       |   602 |   884 |   295 |       ||  1781
       Large shield      |       |       |       |       |       |       |       |  1555 |  3533 ||  5088
       Rpst.: Falchion   |    11 |    17 |    24 |       |       |       |       |       |       ||    52
       Long sword        |       |       |    30 |    17 |       |       |       |       |       ||    47
       Great sword       |       |       |       |    45 |    22 |       |       |       |       ||    67
       Scimitar          |       |       |       |       |     5 |       |       |       |       ||     5
       Demon blade       |       |       |       |       |    64 |       |       |       |       ||    64
       Double sword      |       |       |       |       |    33 |   150 |    57 |    56 |   136 ||   432
